 Dungeon Crawl Stone Soup version 0.19.4-8-ga85b6b9 (webtiles) character file.

133 LORDOFBUTT the Thaumaturge (level 4, -2/21 HPs)
             Began as a Spriggan Enchanter on Feb 11, 2017.
             Killed from afar by an orc wizard (8 damage)
             ... with a magic dart
             ... on level 3 of the Dungeon.
             The game lasted 00:04:46 (2792 turns).

LORDOFBUTT the Thaumaturge (Spriggan Enchanter)     Turns: 2792, Time: 00:04:46

Health: -2/21      AC:  3    Str:  5    XL:     4   Next: 94%
Magic:  12/15      EV: 18    Int: 16    God:
Gold:   188        SH:  0    Dex: 16    Spells: 2 memorised, 15 levels left

rFire  . . .     SeeInvis +     e - -2 dagger (curse)
rCold  . . .     Gourm    .     b - +1 robe
rNeg   . . .     Faith    .     (shield restricted)
rPois  +         Spirit   .     (helmet restricted)
rElec  .         Reflect  .     (no cloak)
rCorr  .         Harm     .     (gloves unavailable)
MR     +....                    (boots unavailable)
Stlth  +++.......               (no amulet)
                                j - ring of protection from magic
                                i - ring of poison resistance

@: about to teleport, very quick
A: unfitting armour, see invisible, herbivore 3, speed 3, slow metabolism 2
a: no special abilities


You were on level 3 of the Dungeon.
You were not hungry.

You visited 1 branch of the dungeon, and saw 3 of its levels.

You collected 188 gold pieces.

Inventory:

Hand Weapons
 a - a +1 dagger
 e - a cursed -2 dagger (weapon)
Armour
 b - a +1 robe (worn)
Jewellery
 i - a ring of poison resistance (left hand)
 j - a ring of protection from magic (right hand)
Wands
 o - a wand of iceblast (5/15)
Scrolls
 f - a scroll of blinking
 l - 3 scrolls of remove curse {unknown}
 n - a scroll of enchant weapon {unknown}
 p - a scroll of teleportation
 r - 3 scrolls of identify
Potions
 g - 2 potions of might
 h - 4 potions of curing
 k - 2 potions of resistance
 q - a potion of brilliance {unknown}
Books
 c - a book of Maledictions

   Spells                             Type                      Level
   a - Corona                         Hexes                        1
   b - Ensorcelled Hibernation        Hexes/Ice                    2
   c - Confuse                        Hexes                        3
   d - Tukima's Dance                 Hexes                        3
   e - Dazzling Spray                 Conjuration/Hexes            3
Comestibles
 d - 2 bread rations
 m - a slice of pizza


   Skills:
 - Level 7.0 Short Blades
 - Level 3.0 Dodging
 - Level 4.7 Stealth
 - Level 8.7 Spellcasting
 - Level 4.3 Hexes
 + Level 0.0 Ice Magic


You had 15 spell levels left.
You knew the following spells:

 Your Spells              Type           Power        Failure   Level  Hunger
a - Ensorcelled Hibernat  Hex/Ice        ##....       10%         2    None
b - Confuse               Hex            ###.....     6%          3    #......


Dungeon Overview and Level Annotations

Branches:
Dungeon (3/15)

Altars:
Makhleb

Annotations:
D:3 Natasha


Innate Abilities, Weirdness & Mutations

You are very small and have problems with some larger weapons.
You are too small for most types of armour.
You have supernaturally acute eyesight. (SInv)
You are a herbivore.
You cover ground extremely quickly.
You need consume almost no food.


Message History

The orc closely misses you. The orc barely misses you.
You are too injured to fight recklessly!
Casting: Confuse
Confirm with . or Enter, or press ? or * to list all spells.
Aiming: Ensorcelled Hibernation
Press: ? - help, Shift-Dir - straight line, f - orc wizard, p - orc priest
Aim: an orc wizard, wielding a dagger and wearing a robe (fast, chance to defeat MR: 44%)
The orc wizard resists with some effort.
The orc wizard barely misses you. The orc misses you.
The orc closely misses you.
The orc wizard mumbles some strange words.
The orc wizard blinks!
You see here a bread ration.
The orc wizard casts a spell.
The orc wizard blinks!
As you read the scroll of teleportation, it crumbles to dust.
You feel strangely unstable.
The orc wizard points at you and mumbles some strange words.
The magic dart hits you!
You die...

...............############
....................#
......#######.......#
......# #..o....# ......#
#.o.....# ......# #...o...#
......# #.......# ......#
#.......# ......# #...@...#
......# #.......# #######
#########


You could see an orc wizard and 2 orcs.

Vanquished Creatures
  Terence (D:3)
  A worker ant (D:3)
  An adder (D:3)
  3 leopard geckos
  2 ball pythons (D:3)
  6 bats
  6 goblins
  4 hobgoblins
  6 kobolds
  A quokka (D:2)
  7 frilled lizards
  3 rats
41 creatures vanquished.

Notes
Turn   | Place    | Note
-------+----------+-------------------------------------------
     0 | D:1      | LORDOFBUTT the Spriggan Enchanter began the quest for the Orb.
     0 | D:1      | Reached XP level 1. HP: 9/9 MP: 5/5
    43 | D:1      | Reached skill level 3 in Spellcasting
   150 | D:1      | Reached XP level 2. HP: 7/13 MP: 7/7
   930 | D:1      | Reached skill level 8 in Spellcasting
   930 | D:1      | Reached XP level 3. HP: 14/16 MP: 8/14
  2096 | D:2      | Learned a level 2 spell: Ensorcelled Hibernation
  2100 | D:2      | Learned a level 3 spell: Confuse
  2178 | D:3      | Reached XP level 4. HP: 16/21 MP: 11/15
  2229 | D:3      | Noticed Terence
  2237 | D:3      | Killed Terence
  2262 | D:3      | Found a burning altar of Makhleb.
  2283 | D:3      | Noticed Natasha
  2792 | D:3      | Killed from afar by an orc wizard

Skill      XL: |  1  2 |
---------------+-------+-----
Spellcasting   | 3 8 |  8.7
Hexes          | 4 |  4.3
Short Blades   | 7 |  7.0
Dodging        | |  3.0
Stealth        | |  4.7

Action                   |  1- 3 |  4- 6 || total
-------------------------+-------+-------++-------
Melee: Dagger            |   216 |    61 ||   277
 Cast: Confuse           |     1 |     1 ||     2
       Ensorcelled Hiber |       |     4 ||     4
  Use: Scroll            |     4 |     5 ||     9
       Potion            |     1 |       ||     1
 Stab: Sleeping          |     6 |     3 ||     9
       Distracted        |     1 |       ||     1
       Confused          |     1 |       ||     1
Armor: Robe              |    38 |     8 ||    46
Dodge: Dodged            |   185 |    69 ||   254
